[Event "Torneo Benidorm Gran Hotel Bali 2022"]
[Site "Benidorm, Spain"]
[Date "2022.12.09"]
[Round "8.6"]
[White "Luque Saiz, Andres"]
[Black "Salgado Lopez, Oscar"]
[Result "1-0"]
[ECO "B48"]
[WhiteElo "2286"]
[BlackElo "2070"]
[PlyCount "77"]
[EventDate "2022.12.03"]
[EventType "swiss"]
[EventRounds "9"]
[SourceTitle "Ajedrez en Madrid"]
[Source "lmi"]
[SourceDate "2022.12.03"]
[SourceVersion "1"]
[SourceVersionDate "2022.12.10"]
[SourceQuality "1"]
[TimeControl "90+30"]
[WhiteClock "0:14:28"]
[BlackClock "0:00:57"]

1. e4 c5 2. Nf3 e6 3. d4 cxd4 4. Nxd4 Nc6 5. Nc3 Qc7 6. Be3 a6 7. Qf3 Ne5 8. Qg3 h5 9. f4 h4 10. Qh3 Nc4 11. Bc1 b5 12. Qd3 Bb7 13. a4 b4 14. Ncb5 axb5 15. Nxb5 Qa5 16. Qxc4 Rc8 17. Qd4 Nf6 18. Bd3 d5 19. e5 Bc5 20. Nd6+ Bxd6 21. exd6 h3 22. Bd2 hxg2 23. Rg1 Rxh2 24. Bxb4 Qa8 25. b3 Kd7 26. Qb6 Bc6 27. Ba6 Rhh8 28. Bxc8+ Rxc8 29. Qd4 Qb7 30. Rxg2 Ne8 31. Bc5 g6 32. b4 Qb8 33. Rh2 Nxd6 34. Rh7 e5 35. fxe5 Nf5 36. Rxf7+ Ke8 37. Rf8+ Kd7 38. e6+ Kc7 39. Rf7+ 1-0

[Event "Torneo Benidorm Gran Hotel Bali 2022"]
[Site "Benidorm, Spain"]
[Date "2022.12.09"]
[Round "8.7"]
[White "Kovacevic, Slobodan"]
[Black "Rodriguez Redondo, Adhara"]
[Result "1-0"]
[ECO "D02"]
[WhiteElo "2224"]
[BlackElo "2057"]
[PlyCount "91"]
[EventDate "2022.12.03"]
[EventType "swiss"]
[EventRounds "9"]
[SourceTitle "Ajedrez en Madrid"]
[Source "lmi"]
[SourceDate "2022.12.03"]
[SourceVersion "1"]
[SourceVersionDate "2022.12.10"]
[SourceQuality "1"]
[TimeControl "90+30"]
[WhiteClock "0:14:47"]
[BlackClock "0:00:33"]

1. d4 d5 2. Bf4 Nf6 3. e3 e6 4. Nd2 Bd6 5. Bg3 O-O 6. Ngf3 c5 7. c3 c4 8. Qc2 Qc7 9. e4 dxe4 10. Nxe4 Nxe4 11. Qxe4 f5 12. Bxd6 Qxd6 13. Qe2 b5 14. a4 b4 15. Qxc4 bxc3 16. bxc3 Bb7 17. Be2 a5 18. O-O Nd7 19. Qa2 Nf6 20. Ng5 Nd5 21. Qa3 Qxa3 22. Rxa3 Rac8 23. Bf3 Rf6 24. Re1 h6 25. Nxe6 Re8 26. c4 Rfxe6 27. Rxe6 Rxe6 28. h3 Rb6 29. cxd5 Rb4 30. Rc3 Rxd4 31. Rc5 g5 32. Rb5 g4 33. hxg4 fxg4 34. Be2 Rb4 35. Rxa5 Kf8 36. Rb5 Rxb5 37. axb5 h5 38. Kh2 Bxd5 39. Kg3 Ke7 40. f3 gxf3 41. Bxf3 Bc4 42. b6 Kd6 43. Kh4 Bf7 44. Bxh5 Bd5 45. Bf3 Be6 46. Kg5 1-0

[Event "Torneo Benidorm Gran Hotel Bali 2022"]
[Site "Benidorm, Spain"]
[Date "2022.12.09"]
[Round "8.8"]
[White "Hristodorescu, Daniel"]
[Black "Pallardo Lozoya, Jose Vicente"]
[Result "0-1"]
[ECO "C11"]
[WhiteElo "2108"]
[BlackElo "2367"]
[PlyCount "108"]
[EventDate "2022.12.03"]
[EventType "swiss"]
[EventRounds "9"]
[SourceTitle "Ajedrez en Madrid"]
[Source "lmi"]
[SourceDate "2022.12.03"]
[SourceVersion "1"]
[SourceVersionDate "2022.12.10"]
[SourceQuality "1"]
[TimeControl "90+30"]
[WhiteClock "0:05:01"]
[BlackClock "0:01:00"]

1. e4 e6 2. d4 d5 3. Nc3 Nf6 4. e5 Nfd7 5. f4 c5 6. Nf3 Nc6 7. Be3 Be7 8. Be2 O-O 9. O-O f6 10. exf6 Nxf6 11. Kh1 Ng4 12. Bg1 Rxf4 13. Qd2 Rf8 14. dxc5 Bd7 15. a3 a5 16. Rad1 Nf6 17. Bd3 Be8 18. Rde1 Bf7 19. Nd4 Nxd4 20. Bxd4 Nd7 21. b4 axb4 22. axb4 Bg5 23. Qd1 e5 24. Bg1 e4 25. Be2 Nf6 26. Nb5 Qe7 27. Nd6 Be6 28. Qd4 Ra2 29. Qe5 Nd7 30. Rxf8+ Nxf8 31. Nf5 Qf6 32. Qxf6 Bxf6 33. Nd4 Bxd4 34. Bxd4 Rxc2 35. h3 Bd7 36. Bf1 Ne6 37. Be5 Rd2 38. Bc3 Rc2 39. Be5 Bc6 40. b5 Nxc5 41. bxc6 bxc6 42. Ra1 Kf7 43. Ra7+ Ke6 44. Bxg7 Rc1 45. Ra1 Rxa1 46. Bxa1 Nb3 47. Bc3 c5 48. Kg1 e3 49. Bd3 Nd2 50. Bxh7 d4 51. Ba5 c4 52. g4 d3 53. Bb6 Nf3+ 54. Kg2 d2 {[%emt 0:00:30] Kg1 Ke5+} 0-1

[Event "Torneo Benidorm Gran Hotel Bali 2022"]
[Site "Benidorm, Spain"]
[Date "2022.12.09"]
[Round "8.9"]
[White "Sos Andreu, Eric"]
[Black "Galvan Cipriani, Viviana"]
[Result "1-0"]
[ECO "E11"]
[WhiteElo "2364"]
[BlackElo "2088"]
[PlyCount "101"]
[EventDate "2022.12.03"]
[EventType "swiss"]
[EventRounds "9"]
[SourceTitle "Ajedrez en Madrid"]
[Source "lmi"]
[SourceDate "2022.12.03"]
[SourceVersion "1"]
[SourceVersionDate "2022.12.10"]
[SourceQuality "1"]
[TimeControl "90+30"]
[WhiteClock "0:01:38"]
[BlackClock "0:00:32"]

1. d4 Nf6 2. c4 e6 3. Nf3 d5 4. g3 Bb4+ 5. Bd2 Be7 6. Bg2 O-O 7. O-O c6 8. Qc2 Ne4 9. Bc1 Nd7 10. Nc3 f5 11. Rb1 Nd6 12. c5 Ne4 13. b4 Bf6 14. Bb2 g5 15. Nxe4 fxe4 16. Ne5 Qc7 17. Nxd7 Bxd7 18. f3 exf3 19. Rxf3 Be8 20. Rbf1 Bg6 21. Qd2 Qg7 22. R3f2 Rae8 23. a4 Bf5 24. e3 Qg6 25. b5 Kg7 26. Qa5 Bd3 27. Rd1 Rf7 28. Qxa7 cxb5 29. axb5 Bxb5 30. Bc3 g4 31. Rb2 Bc6 32. Qa3 Qh6 33. Re1 e5 34. dxe5 Bxe5 35. Bxe5+ Rxe5 36. Qc3 Qf6 37. Qd4 Qg5 38. Rf2 Rxf2 39. Kxf2 Kf7 40. Kg1 Kg6 41. Bf1 Kg7 42. Bd3 Kg8 43. Re2 Re7 44. Rf2 Qg7 45. Qf4 h5 46. Bg6 Be8 47. Bd3 Rf7 48. Qd4 Rxf2 49. Kxf2 Qf7+ 50. Ke1 Qf3 51. Kd2 1-0

[Event "Torneo Benidorm Gran Hotel Bali 2022"]
[Site "Benidorm, Spain"]
[Date "2022.12.10"]
[Round "9.1"]
[White "Aditya, Varun Gampa"]
[Black "Davtyan, David Arm."]
[Result "1/2-1/2"]
[ECO "C01"]
[WhiteElo "2249"]
[BlackElo "2329"]
[PlyCount "43"]
[EventDate "2022.12.03"]
[EventType "swiss"]
[EventRounds "9"]
[SourceTitle "Ajedrez en Madrid"]
[Source "lmi"]
[SourceDate "2022.12.03"]
[SourceVersion "1"]
[SourceVersionDate "2022.12.10"]
[SourceQuality "1"]
[TimeControl "90+30"]
[WhiteClock "0:46:08"]
[BlackClock "1:08:51"]

1. e4 e6 2. d4 d5 3. Bd3 dxe4 4. Bxe4 Nf6 5. Bf3 c5 6. Ne2 Nc6 7. Be3 cxd4 8. Nxd4 Ne5 9. Nc3 a6 10. Qe2 Nxf3+ 11. gxf3 Nd5 12. Nxd5 Qxd5 13. O-O-O Bd7 14. Kb1 Be7 15. Nb3 Bb5 16. Qe1 Qxf3 17. Rg1 g6 18. Bd4 Bf6 19. Bc5 Qf5 20. Qb4 Rc8 21. a4 b6 22. axb5 1/2-1/2

[Event "Torneo Benidorm Gran Hotel Bali 2022"]
[Site "Benidorm, Spain"]
[Date "2022.12.10"]
[Round "9.2"]
[White "Korneev, Oleg"]
[Black "Kovacevic, Slobodan"]
[Result "1-0"]
[ECO "B22"]
[WhiteElo "2481"]
[BlackElo "2224"]
[PlyCount "89"]
[EventDate "2022.12.03"]
[EventType "swiss"]
[EventRounds "9"]
[SourceTitle "Ajedrez en Madrid"]
[Source "lmi"]
[SourceDate "2022.12.03"]
[SourceVersion "1"]
[SourceVersionDate "2022.12.10"]
[SourceQuality "1"]
[TimeControl "90+30"]
[WhiteClock "0:09:51"]
[BlackClock "0:09:59"]

1. e4 c5 2. Nf3 e6 3. c3 Nc6 4. d4 d5 5. exd5 exd5 6. Bd3 Bd6 7. dxc5 Bxc5 8. O-O Nge7 9. Nbd2 O-O 10. Nb3 Bb6 11. Re1 Nf5 12. Qc2 g6 13. Bf4 Be6 14. Rad1 Nh4 15. Nxh4 Qxh4 16. Qd2 Rfe8 17. h3 Rac8 18. Re2 Bd7 19. Rxe8+ Rxe8 20. Bf1 Be6 21. Re1 Qd8 22. Be3 d4 23. Nxd4 Nxd4 24. Bxd4 Bxd4 25. cxd4 Bxa2 26. Rxe8+ Qxe8 27. Qa5 Qe6 28. Qxa7 Bc4 29. Qxb7 Bxf1 30. Qb8+ Kg7 31. Kxf1 Qc4+ 32. Kg1 Qxd4 33. Qb3 f6 34. Qb7+ Kh6 35. Qb3 Kg7 36. g3 g5 37. Qb7+ Kg6 38. b4 h5 39. b5 Kf5 40. b6 Ke6 41. Qc6+ Qd6 42. Qxd6+ Kxd6 43. Kg2 Kc6 44. Kf3 f5 45. h4 1-0

[Event "Torneo Benidorm Gran Hotel Bali 2022"]
[Site "Benidorm, Spain"]
[Date "2022.12.10"]
[Round "9.3"]
[White "Luque Saiz, Andres"]
[Black "Md, Imran"]
[Result "1-0"]
[ECO "B38"]
[WhiteElo "2286"]
[BlackElo "2279"]
[PlyCount "65"]
[EventDate "2022.12.03"]
[EventType "swiss"]
[EventRounds "9"]
[SourceTitle "Ajedrez en Madrid"]
[Source "lmi"]
[SourceDate "2022.12.03"]
[SourceVersion "1"]
[SourceVersionDate "2022.12.10"]
[SourceQuality "1"]
[TimeControl "90+30"]
[WhiteClock "0:13:46"]
[BlackClock "0:33:40"]

1. e4 c5 2. Nf3 Nc6 3. d4 cxd4 4. Nxd4 g6 5. c4 Bg7 6. Be3 Qb6 7. Nb3 Qc7 8. Nc3 Bxc3+ 9. bxc3 Nf6 10. f3 O-O 11. Be2 d6 12. O-O b6 13. a4 Ne5 14. Nd2 Be6 15. Bd4 Nxc4 16. Rf2 Nd7 17. f4 Nxd2 18. Qxd2 Bc4 19. f5 e5 20. Be3 Nf6 21. Bf3 d5 22. exd5 Qd6 23. Bg5 Nd7 24. Be4 Nc5 25. Qe3 Nxe4 26. Qxe4 Qxd5 27. Qh4 e4 28. Qh6 f6 29. fxg6 Qd7 30. Bxf6 e3 31. gxh7+ Qxh7 32. Qg5+ Kf7 33. Qxe3 1-0

[Event "Torneo Benidorm Gran Hotel Bali 2022"]
[Site "Benidorm, Spain"]
[Date "2022.12.10"]
[Round "9.4"]
[White "Pallardo Lozoya, Jose Vicente"]
[Black "Aguilera Lopez, Alejandro"]
[Result "1/2-1/2"]
[ECO "B45"]
[WhiteElo "2367"]
[BlackElo "2184"]
[PlyCount "56"]
[EventDate "2022.12.03"]
[EventType "swiss"]
[EventRounds "9"]
[SourceTitle "Ajedrez en Madrid"]
[Source "lmi"]
[SourceDate "2022.12.03"]
[SourceVersion "1"]
[SourceVersionDate "2022.12.10"]
[SourceQuality "1"]
[TimeControl "90+30"]
[WhiteClock "0:38:46"]
[BlackClock "1:04:32"]

1. e4 c5 2. Nf3 e6 3. d4 cxd4 4. Nxd4 Nf6 5. Nc3 Nc6 6. Ndb5 Bb4 7. a3 Bxc3+ 8. Nxc3 d5 9. exd5 exd5 10. Bd3 O-O 11. O-O Bg4 12. f3 Bh5 13. Bg5 Qb6+ 14. Kh1 Ne4 15. Nxe4 dxe4 16. Bxe4 Qxb2 17. Rb1 Qxa3 18. Rxb7 Qa6 19. Rb1 Bg6 20. Bd5 Rac8 21. Qd2 Qa5 22. Qxa5 Nxa5 23. Rb5 Nc4 24. Ra1 Nb6 25. Rxa7 Nxd5 26. Rxd5 Rxc2 27. h4 h5 28. Kh2 Re8 1/2-1/2

[Event "Torneo Benidorm Gran Hotel Bali 2022"]
[Site "Benidorm, Spain"]
[Date "2022.12.10"]
[Round "9.5"]
[White "Gomez Carreno, Martin"]
[Black "Sos Andreu, Eric"]
[Result "1/2-1/2"]
[ECO "B12"]
[WhiteElo "2179"]
[BlackElo "2364"]
[PlyCount "91"]
[EventDate "2022.12.03"]
[EventType "swiss"]
[EventRounds "9"]
[SourceTitle "Ajedrez en Madrid"]
[Source "lmi"]
[SourceDate "2022.12.03"]
[SourceVersion "1"]
[SourceVersionDate "2022.12.10"]
[SourceQuality "1"]
[TimeControl "90+30"]
[WhiteClock "0:18:43"]
[BlackClock "0:42:14"]

1. e4 c6 2. d4 d5 3. e5 Bf5 4. h4 h5 5. c4 e6 6. Nc3 dxc4 7. Bxc4 Nd7 8. Bg5 Be7 9. Bxe7 Nxe7 10. Nge2 Qb6 11. Qb3 Rd8 12. Rd1 Qxb3 13. Bxb3 O-O 14. Ng3 Bg6 15. O-O Nb6 16. Rd2 Nf5 17. Nxf5 Bxf5 18. Rfd1 Rd7 19. f3 Rfd8 20. Kf2 Rc7 21. Ke3 a6 22. Ne4 Kf8 23. Nd6 Bg6 24. Rc1 Nc8 25. Nxc8 Rdxc8 26. f4 Ke7 27. a3 Bf5 28. Bd1 g6 29. Bf3 Rd7 30. Rc5 Kd8 31. a4 Kc7 32. a5 Rcd8 33. b4 Kb8 34. Rc1 Ka7 35. Rc3 Rc8 36. Ra2 Rh8 37. Rc1 Kb8 38. Rb2 Rdd8 39. g3 Rd7 40. Bg2 Rhd8 41. Rd2 Ka7 42. Bf3 Bh3 43. Be4 Bf5 44. Bf3 Bh3 45. Be4 Bf5 46. Bf3 1/2-1/2

[Event "Torneo Benidorm Gran Hotel Bali 2022"]
[Site "Benidorm, Spain"]
[Date "2022.12.10"]
[Round "9.6"]
[White "Centeno Mendoza, Julio Stefano"]
[Black "Mingarro Carceller, Sergi"]
[Result "0-1"]
[ECO "B22"]
[WhiteElo "2099"]
[BlackElo "2330"]
[PlyCount "102"]
[EventDate "2022.12.03"]
[EventType "swiss"]
[EventRounds "9"]
[SourceTitle "Ajedrez en Madrid"]
[Source "lmi"]
[SourceDate "2022.12.03"]
[SourceVersion "1"]
[SourceVersionDate "2022.12.10"]
[SourceQuality "1"]
[TimeControl "90+30"]
[WhiteClock "0:15:07"]
[BlackClock "0:15:57"]

1. e4 c5 2. c3 Nf6 3. e5 Nd5 4. Bc4 Nb6 5. Bb3 c4 6. Bc2 g6 7. Nf3 Bg7 8. O-O Nc6 9. Re1 d6 10. exd6 Qxd6 11. h3 O-O 12. b3 Be6 13. Na3 Nb4 14. Nb5 Qd7 15. Nbd4 Nxc2 16. Qxc2 Bd5 17. Ba3 Rfe8 18. Ne5 Qc7 19. Nxc4 Nxc4 20. bxc4 Bxc4 21. Nb3 Rad8 22. d4 Rc8 23. Rac1 Bd5 24. Qd2 b6 25. Qg5 e6 26. Qd2 Red8 27. Qe3 Rd7 28. Bb2 Qc6 29. Nd2 Qb5 30. c4 Qxb2 31. Rb1 Qxd4 32. cxd5 Qxe3 33. Rxe3 Rxd5 34. Ne4 Rc2 35. a3 Bd4 36. Rf3 Kg7 37. Kf1 h6 38. Rd1 f5 39. Ng3 Bc5 40. Re1 e5 41. Ne2 Rdd2 42. Rb3 Ra2 43. g3 Bxa3 44. Re3 Kf6 45. g4 Bc5 46. Rb3 f4 47. h4 a5 48. f3 Rac2 49. h5 gxh5 50. gxh5 a4 51. Rb5 a3 0-1

[Event "Torneo Benidorm Gran Hotel Bali 2022"]
[Site "Benidorm, Spain"]
[Date "2022.12.10"]
[Round "9.7"]
[White "Chia, Yu Zhe Ashton"]
[Black "Remolar Gallen, Jose"]
[Result "1/2-1/2"]
[ECO "B22"]
[WhiteElo "1970"]
[BlackElo "2305"]
[PlyCount "110"]
[EventDate "2022.12.03"]
[EventType "swiss"]
[EventRounds "9"]
[SourceTitle "Ajedrez en Madrid"]
[Source "lmi"]
[SourceDate "2022.12.03"]
[SourceVersion "1"]
[SourceVersionDate "2022.12.10"]
[SourceQuality "1"]
[TimeControl "90+30"]
[WhiteClock "0:00:57"]
[BlackClock "0:08:55"]

1. e4 c5 2. c3 Nf6 3. e5 Nd5 4. d4 cxd4 5. Nf3 Nc6 6. cxd4 d6 7. Bc4 Nb6 8. Bb5 dxe5 9. Nxe5 Bd7 10. Nxd7 Qxd7 11. Nc3 e6 12. O-O Be7 13. Qg4 O-O 14. Bxc6 bxc6 15. Bh6 Bf6 16. Rad1 Kh8 17. Ne4 Qd8 18. Bf4 Be7 19. Qg3 Nd5 20. Be5 f6 21. Bd6 f5 22. Be5 Rf7 23. Nc5 f4 24. Qg4 Bxc5 25. dxc5 f3 26. gxf3 Qe7 27. Bd6 Qf6 28. Rfe1 Re8 29. b4 Rb7 30. Be5 Qg6 31. Qxg6 hxg6 32. a3 a5 33. bxa5 Ra8 34. Bd6 Rxa5 35. Rxe6 Rxa3 36. Bg3 Rc3 37. Rxc6 Ne7 38. Rb6 Ra7 39. Re1 Rxc5 40. Rbe6 Nf5 41. Rxg6 Rf7 42. Rg5 Kh7 43. Re6 Rc3 44. Rh5+ Nh6 45. Re3 Rxf3 46. Re7 Kg6 47. Ra5 Rc6 48. Re4 Rf5 49. Ra8 Rcf6 50. Kg2 Kh7 51. f4 Nf7 52. Re7 Nd6 53. Rd8 Ra5 54. Rdd7 Nf5 55. Re2 Ra3 1/2-1/2

[Event "Torneo Benidorm Gran Hotel Bali 2022"]
[Site "Benidorm, Spain"]
[Date "2022.12.10"]
[Round "9.8"]
[White "Shaik, Sumer Arsh"]
[Black "Tabuenca Mendataurigoitia, Danie"]
[Result "1/2-1/2"]
[ECO "A13"]
[WhiteElo "2290"]
[BlackElo "2171"]
[PlyCount "46"]
[EventDate "2022.12.03"]
[EventType "swiss"]
[EventRounds "9"]
[SourceTitle "Ajedrez en Madrid"]
[Source "lmi"]
[SourceDate "2022.12.03"]
[SourceVersion "1"]
[SourceVersionDate "2022.12.10"]
[SourceQuality "1"]
[TimeControl "90+30"]
[WhiteClock "0:06:57"]
[BlackClock "0:38:36"]

1. Nf3 d5 2. c4 e6 3. g3 dxc4 4. Qa4+ Nd7 5. Qxc4 a6 6. Bg2 b5 7. Qc2 Bb7 8. O-O Ngf6 9. d3 c5 10. a4 Be7 11. Nc3 Qb6 12. axb5 axb5 13. Rxa8+ Bxa8 14. Bg5 O-O 15. Qb3 h6 16. Bxf6 Bxf6 17. Qxb5 Qxb5 18. Nxb5 Rb8 19. Nd6 Rxb2 20. e3 Nb6 21. Rc1 Be7 22. Nc4 Nxc4 23. dxc4 Bxf3 1/2-1/2

[Event "Torneo Benidorm Gran Hotel Bali 2022"]
[Site "Benidorm, Spain"]
[Date "2022.12.10"]
[Round "9.9"]
[White "Rodriguez Lopez, Rafael"]
[Black "Salvador Buiza, Victor"]
[Result "1-0"]
[ECO "C95"]
[WhiteElo "2189"]
[BlackElo "1984"]
[PlyCount "117"]
[EventDate "2022.12.03"]
[EventType "swiss"]
[EventRounds "9"]
[SourceTitle "Ajedrez en Madrid"]
[Source "lmi"]
[SourceDate "2022.12.03"]
[SourceVersion "1"]
[SourceVersionDate "2022.12.10"]
[SourceQuality "1"]
[TimeControl "90+30"]
[WhiteClock "0:16:09"]
[BlackClock "0:03:49"]

1. e4 e5 2. Nf3 Nc6 3. Bb5 a6 4. Ba4 Nf6 5. O-O Be7 6. Re1 b5 7. Bb3 d6 8. c3 O-O 9. h3 Nb8 10. d4 Nbd7 11. Nbd2 Bb7 12. Bc2 Re8 13. Nf1 Bf8 14. Ng3 g6 15. b3 Bg7 16. d5 Nb6 17. Be3 Rc8 18. Nd2 c6 19. c4 cxd5 20. cxd5 Nfd7 21. Rc1 Nc5 22. Bb1 Re7 23. Qe2 Rec7 24. Nf3 b4 25. Red1 Qd7 26. Qd2 a5 27. Ne1 Ba6 28. Nd3 Bxd3 29. Bxd3 Qe7 30. Bb5 Nbd7 31. Bc6 Bf8 32. Qe2 Qd8 33. Rc4 Nb8 34. Bxc5 dxc5 35. Bb5 Qd6 36. Rc2 Bh6 37. Ra1 Rf8 38. a4 f5 39. exf5 gxf5 40. Re1 Bg7 41. Qh5 Rcf7 42. Rec1 Bh6 43. Rd1 e4 44. Rc4 e3 45. Nh1 exf2+ 46. Nxf2 Be3 47. Qf3 f4 48. Kh1 Bd4 49. Ne4 Qe7 50. d6 Qe5 51. Rc2 Nd7 52. Bc4 Nb6 53. Bxf7+ Rxf7 54. Rdc1 c4 55. bxc4 b3 56. Re2 b2 57. Rb1 Nxc4 58. Qg4+ Qg7 59. Qc8+ 1-0